 Dungeon Crawl Stone Soup version 0.24.1-4-ge52af88ad5 (webtiles) character file.

Game seed: 8509168467557186547, levelgen mode: deterministic

7121 nightchill the Basher (level 11, 0/72 HPs)
             Began as a Gargoyle Gladiator on Apr 14, 2020.
             Was a Believer of Fedhas.
             Slain by an eight-headed hydra (11 damage)
             ... on level 1 of the Lair of Beasts.
             The game lasted 00:23:41 (10530 turns).

nightchill the Basher (Gargoyle Gladiator)         Turns: 10530, Time: 00:23:43

Health: 0/72       AC: 15    Str: 20    XL:     11   Next: 10%
Magic:  14/16      EV: 11    Int: 10    God:    Fedhas [**....]
Gold:   432        SH:  0    Dex: 11    Spells: 10/10 levels left

rFire    + . .     SeeInvis .   G - +2 whip (elec)
rCold    + . .     Gourm    .   (no shield)
rNeg     + . .     Faith    .   k - +0 ring mail
rPois    ∞         Spirit   .   K - +2 hat
rElec    +         Reflect  .   q - scarf {rC+ rF+}
rCorr    .         Harm     .   (no gloves)
MR       .....                  (no boots)
Stlth    +.........             (no amulet)
HPRegen  0.22/turn              (no ring)
MPRegen  0.15/turn              (no ring)

@: no status effects
A: negative energy resistance 1, electricity resistance, unbreathing,
petrification resistance, rot immunity, AC +8
a: Wall of Briars, Renounce Religion


You were on level 1 of the Lair of Beasts.
You worshipped Fedhas.
Fedhas was pleased with you.
You were not hungry.

You visited 3 branches of the dungeon, and saw 10 of its levels.
You also visited: Ossuary.

You collected 432 gold pieces.

Inventory:

Hand Weapons
 a - a +0 flail
 G - a +2 whip of electrocution (weapon)
Missiles
 d - 7 throwing nets (quivered)
 e - 214 stones
 h - 66 poisoned darts
Armour
 c - a +0 helmet
 k - a +0 ring mail (worn)
 q - a scarf of resistance (worn)
 y - a +0 buckler
 K - a +2 hat (worn)
Wands
 m - a wand of digging (9)
 o - a wand of random effects (40)
 C - a wand of enslavement (5)
Scrolls
 g - 8 scrolls of identify {unknown}
 i - 6 scrolls of fear {unknown}
 j - 4 scrolls of remove curse {unknown}
 l - a scroll of blinking {unknown}
 n - 2 scrolls of immolation {unknown}
 p - 5 scrolls of random uselessness {unknown}
 s - 2 scrolls of teleportation {unknown}
 u - 2 scrolls of acquirement {unknown}
 v - a scroll of enchant armour {unknown}
 x - 4 scrolls of amnesia {unknown}
 F - a scroll of summoning {unknown}
 H - 2 scrolls of fog {unknown}
 J - a scroll of brand weapon {unknown}
 M - a scroll of magic mapping {unknown}
Potions
 b - 8 potions of degeneration {unknown}
 r - 4 potions of ambrosia {unknown}
 t - a potion of mutation {unknown}
 z - a potion of experience {unknown}
 A - 2 potions of berserk rage {unknown}
 B - a potion of curing
 D - a potion of resistance {unknown}
 E - a potion of lignification {unknown}
 I - a potion of magic {unknown}
Comestibles
 f - 15 rations
 w - 4 chunks of flesh


   Skills:
 + Level 9.8 Fighting
 * Level 12.5 Maces & Flails
 - Level 1.7 Throwing
 - Level 2.4 Dodging
 + Level 7.5 Invocations


You had 10 spell levels left.
You didn't know any spells.
Your spell library was empty.

Dungeon Overview and Level Annotations

Branches:
Dungeon (8/15)             Temple (1/1) D:5            Lair (1/6) D:8
Ossuary (visited)

Altars:
Ashenzari
Cheibriados
Dithmenos
Elyvilon
Fedhas
Gozag
Makhleb
Nemelex Xobeh
Okawaru
Qazlal
Ru
Trog
Uskayaw
Vehumet
Wu Jian
Xom
Yredelemnul
Zin
The Shining One

Shops:
D:4 ?

Annotations:
D:5 3 runed translucent doors, Vazz's ghost, novice GnWn
D:6 1 exclusion
D:8 exclusions: 3 doors and 1 more exclusion, Maurice


Innate Abilities, Weirdness & Mutations

You are resistant to torment.
Your stone body is resilient. (AC +8)
You are immune to poison.
You resist negative energy. (rN+)
You are resistant to electric shocks. (rElec)
You can survive without breathing.
You are immune to petrification.
You are immune to rotting.


Message History

The eight-headed hydra bites you but does no damage.
The eight-headed hydra misses you. The eight-headed hydra bites you.
* * * LOW HITPOINT WARNING * * *
The eight-headed hydra bites you but does no damage.
The eight-headed hydra bites you.
* * * LOW HITPOINT WARNING * * *
The eight-headed hydra bites you but does no damage.
The eight-headed hydra barely misses you.
You walk carefully through the plants.
You hit the eight-headed hydra.
The eight-headed hydra is severely wounded.
You barely miss the eight-headed hydra.
The eight-headed hydra is severely wounded.
The eight-headed hydra bites you but does no damage. x2
The eight-headed hydra bites you.
* * * LOW HITPOINT WARNING * * *
The eight-headed hydra bites you but does no damage. x2
The eight-headed hydra bites you!
You die...
Fedhas appreciates your contribution to the ecosystem.

.. ##.### # #...#
###..### #...#.#
##......# #.....#
###....###.... .....#
###P......# #..
##....###P#....P..## .
#.....#.#....#PDP..#
##....###....#÷@PP..#
##.....##....##......#
#....><....###.......#
##........###........#
#....#....#.#.^....##
.....###..###.......#
..... #...##.......#
....# ##..........##
P.## ##.###


You could see an eight-headed hydra.

Vanquished Creatures
  Harold (D:8)
  Erica (D:8)
  A two-headed ogre (D:7)
  Pikel (D:7)
  A rime drake (Lair:1)
  Prince Ribbit (D:7)
  Sigmund (D:4)
  A yak (D:8)
  Menkaure (D:7)
  4 porcupines (D:8)
  An ice beast (D:6)
  An orc warrior (D:7)
  A black bear (D:7)
  2 sky beasts
  A necrophage (D:8)
  3 ogres
  A crocodile (D:8)
  Blork the orc (D:6)
  7 bullfrogs
  3 scorpions
  A water moccasin zombie (D:8)
  5 killer bees (D:7)
  6 wights
  3 howler monkeys
  4 crimson imps
  3 centaur zombies
  3 hounds
  3 orc priests
  A human zombie (Ossuary)
  2 jellies
  11 orc wizards
  Ijyb (D:3)
  Crazy Yiuf (D:2)
  3 worker ants
  A big kobold zombie (Ossuary)
  3 hound skeletons
  4 mummies (Ossuary)
  A worker ant zombie (D:5)
  10 gnolls
  7 adders
  A shadow imp (D:7)
  An ooze (D:1)
  2 worms
  4 dart slugs
  9 leopard geckos
  30 orcs
  5 bats
  5 giant cockroaches
  7 goblins
  4 hobgoblins
  12 jackals
  12 kobolds
  3 quokkas
  2 ball pythons
  7 frilled lizards
  A gnoll zombie (Ossuary)
  A hobgoblin zombie (Ossuary)
  A jackal skeleton (D:8)
  2 orc zombies (Ossuary)
  7 rats
223 creatures vanquished.

Vanquished Creatures (others)
  A phantom (D:7)
  A bullfrog skeleton (D:7)
  28 fungi (D:8)
  14 plants (D:8)
44 creatures vanquished.

Grand Total: 267 creatures vanquished

Notes
Turn   | Place    | Note
-------+----------+-------------------------------------------
     0 | D:1      | nightchill the Gargoyle Gladiator began the quest for the
                  | Orb.
     0 | D:1      | Reached XP level 1. HP: 12/12 MP: 1/1
   102 | D:1      | Reached XP level 2. HP: 18/18 MP: 2/2
   943 | D:1      | Reached XP level 3. HP: 17/22 MP: 3/3
  1427 | D:2      | Reached skill level 4 in Maces & Flails
  1835 | D:2      | Reached XP level 4. HP: 19/28 MP: 4/4
  1930 | D:2      | Found a snail-covered altar of Cheibriados.
  1969 | D:2      | Found a white marble altar of Elyvilon.
  2207 | D:2      | Found a runed translucent door.
  2208 | D:2      | Noticed Crazy Yiuf
  2217 | D:2      | Killed Crazy Yiuf
  2342 | D:2      | Reached XP level 5. HP: 4/32 MP: 5/5
  2359 | D:2      | Reached skill level 5 in Maces & Flails
  3063 | D:3      | Noticed Ijyb
  3116 | D:3      | Killed Ijyb
  3116 | D:3      | Reached XP level 6. HP: 38/38 MP: 6/6
  3728 | D:4      | Noticed Sigmund
  3736 | D:4      | Killed Sigmund
  3736 | D:4      | Reached skill level 6 in Maces & Flails
  3736 | D:4      | Reached XP level 7. HP: 44/44 MP: 7/7
  3825 | D:4      | Found a sand-covered staircase.
  3830 | Ossuary  | Entered an ossuary
  3873 | Ossuary  | Reached skill level 5 in Fighting
  4269 | Ossuary  | Reached skill level 7 in Maces & Flails
  4546 | D:4      | Found Xobibil's Magic Scroll Shop.
  4800 | D:5      | Entered Level 5 of the Dungeon
  5341 | D:5      | Found a staircase to the Ecumenical Temple.
  5350 | Temple   | Entered the Ecumenical Temple
  5460 | Temple   | Became a worshipper of Fedhas Madash
  5533 | D:5      | Reached XP level 8. HP: 49/51 MP: 8/8
  5556 | D:5      | Found a runed translucent gate.
  5556 | D:5      | Found a runed translucent gate.
  5557 | D:5      | Found a runed translucent gate.
  5578 | D:5      | Noticed Vazz's ghost (novice GnWn)
  5586 | D:5      | Reached skill level 8 in Maces & Flails
  5812 | D:6      | Found a basalt altar of Yredelemnul.
  5861 | D:6      | Reached skill level 1 in Invocations
  6176 | D:6      | Noticed Blork the orc
  6189 | D:6      | Killed Blork the orc
  6429 | D:6      | Reached * piety under Fedhas
  6429 | D:6      | Reached skill level 9 in Maces & Flails
  6492 | D:6      | Found a glowing silver altar of Zin.
  7133 | D:6      | Reached XP level 9. HP: 35/57 MP: 11/11
  7568 | D:7      | Noticed Prince Ribbit
  7596 | D:7      | Killed Prince Ribbit
  7751 | D:7      | Found an iron altar of Okawaru.
  7761 | D:7      | Found a white marble altar of Elyvilon.
  7837 | D:7      | Noticed Menkaure
  7842 | D:7      | Killed Menkaure
  7842 | D:7      | Reached skill level 10 in Maces & Flails
  8009 | D:7      | Noticed Pikel
  8034 | D:7      | Killed Pikel
  8177 | D:7      | Reached skill level 5 in Invocations
  8198 | D:7      | Reached ** piety under Fedhas
  8365 | D:7      | Noticed a two-headed ogre
  8371 | D:7      | Killed a two-headed ogre
  8371 | D:7      | Reached skill level 11 in Maces & Flails
  8371 | D:7      | Reached XP level 10. HP: 39/65 MP: 12/14
  9312 | D:8      | Noticed Erica
  9347 | D:8      | Killed Erica
  9581 | D:8      | Found a staircase to the Lair.
  9593 | D:8      | Reached skill level 12 in Maces & Flails
  9602 | D:8      | Noticed Harold
  9655 | D:8      | Killed Harold
  9655 | D:8      | Reached XP level 11. HP: 49/72 MP: 16/16
 10025 | D:8      | Noticed Maurice
 10435 | Lair:1   | Entered Level 1 of the Lair of Beasts
 10503 | Lair:1   | Noticed an eight-headed hydra
 10530 | Lair:1   | Slain by an eight-headed hydra

Levels and vault maps discovered:
D:1:      wander_arrival_estate, layout_basic
D:2:      layout_basic, lemuel_round_altar, cheibriados_altar_1,
          chequers_serial_rivers_micro_e, uniq_crazy_yiuf_cottage
D:3:      layout_rooms, minmay_misc_feat_rugged, kennysheep_generic_room_4,
          uniq_ijyb
D:4:      layout_loops_ring, first_ration, serial_shops, shop,
          nicolae_ossuary_entry_false_entrances, uniq_sigmund
D:5:      layout_rooms, temple_hall, gammafunk_ghost_split
D:6:      minmay_razor_zed, layout_loops_ring, zin_scriptorium,
          kennysheep_mini_moat, uniq_blork_the_orc
D:7:      layout_loops_ring, kennysheep_mini, grunt_ogre_cave,
          kennysheep_cluttered_room, elyvilon_altar_5, uniq_menkaure,
          uniq_prince_ribbit1, uniq_pikel
D:8:      layout_loops_corners, lemuel_mausoleum_altar_kikubaaqudgha,
          due_lair_maze_entry_diamond, lemuel_flame_loot_1, uniq_harold,
          uniq_maurice, uniq_erica
Temple:   jpeg_temple_clearing
Lair:1:   layout_cave_pods

Skill      XL: |  1  2  3  4  5  6  7  8  9 10 |
---------------+-------------------------------+-----
Maces & Flails | 4 5 6 7 9 11 12 | 12.5
Fighting       | 3 4 6 7 8 9 |  9.8
Invocations    | 3 5 7 |  7.5
Throwing       | |  1.7
Dodging        | |  2.4

Action                   |  1- 3 |  4- 6 |  7- 9 | 10-12 || total
-------------------------+-------+-------+-------+-------++-------
Melee: Flail             |   152 |   196 |   429 |       ||   777
       Whip              |       |       |    54 |   204 ||   258
Invok: Wall of Briars    |       |       |       |     1 ||     1
Evoke: Wand              |       |       |       |     2 ||     2
  Use: Potion            |       |     3 |     2 |     1 ||     6
  Eat: Chunk             |     3 |     6 |    12 |     7 ||    28
       Ration            |       |       |     1 |       ||     1
Armor: Leather armour    |    66 |    12 |       |       ||    78
       Ring mail         |       |    69 |   188 |    65 ||   322
Dodge: Dodged            |   110 |   119 |   218 |    73 ||   520
